 Dungeon Crawl Stone Soup version 0.27.0-1-g7a089689b8 (webtiles) character file.

Game seed: 12637249914588387439

1009 RepoMan the Firebug (level 8, -5/57 HPs)
             Began as a Demonspawn Wanderer on Aug 9, 2021.
             Was a High Priest of Cheibriados.
             Slain by Edmund (8 damage)
             ... on level 5 of the Dungeon.
             The game lasted 00:36:00 (5087 turns).

RepoMan the Firebug (Demonspawn Wanderer)           Turns: 5087, Time: 00:36:01

Health: -5/57      AC:  5    Str: 24    XL:     8   Next: 1%
Magic:  8/12       EV: 11    Int: 27    God:    Cheibriados [*****.]
Gold:   206        SH:  0    Dex: 23    Spells: 1/13 levels left

rFire    + . .     SeeInvis +   g - +3 long sword (vorpal)
rCold    . . .     Faith    .   (no shield)
rNeg     . . .     Spirit   .   b - +0 robe
rPois    .         Reflect  .   (helmet restricted)
rElec    .         Harm     .   (no cloak)
rCorr    .         Rampage  .   o - +0 pair of gloves
Will     .....                  (no boots)
Stlth    ++........             (no amulet)
HPRegen  0.19/turn              a - ring of see invisible
MPRegen  0.13/turn              u - ring of protection from fire

@: about to teleport, very slow
A: horns 1, demonic guardian 1, powered by death 1, sharp scales 2
a: Renounce Religion, Bend Time, Temporal Distortion, Slouch, Step From Time


You were on level 5 of the Dungeon.
You worshipped Cheibriados.
Cheibriados was extremely pleased with you.
You visited 1 branch of the dungeon, and saw 5 of its levels.
You also visited: Sewer.

You collected 206 gold pieces.

Inventory:

Hand Weapons
 g - a +3 vorpal long sword (weapon)
Armour
 b - a +0 robe (worn)
 d - a +1 helmet
 o - a +0 pair of gloves (worn)
Magical Staves
 w - a staff of air
Jewellery
 a - a ring of see invisible (left hand)
 f - a ring of fire
 u - a ring of protection from fire (right hand)
Wands
 x - a wand of polymorph (11)
Scrolls
 c - a scroll of teleportation
 m - a scroll of blinking {unknown}
 q - a scroll of amnesia {unknown}
 r - a scroll of vulnerability
 s - 2 scrolls of noise {unknown}
 v - a scroll of identify
 y - 2 scrolls of holy word {unknown}
 A - a scroll of enchant armour {unknown}
Potions
 e - a potion of curing
 h - a potion of cancellation
 i - a potion of flight
 j - 2 potions of invisibility {unknown}
 k - a potion of resistance
 l - a potion of heal wounds
 n - 2 potions of might {unknown}
 p - 2 potions of haste {unknown}
 t - a potion of attraction {unknown}
 z - a potion of degeneration {unknown}


   Skills:
 + Level 2.9 Fighting
 * Level 4.3 Long Blades
 - Level 1.0 Throwing
 - Level 1.0 Stealth
 + Level 3.2 Spellcasting
 - Level 2.1 Necromancy
 + Level 2.7 Translocations
 * Level 5.1 Fire Magic
 - Level 2.0 Poison Magic
 + Level 2.0 Invocations


You had one spell level left.
You knew the following spells:

 Your Spells              Type           Power      Damage    Failure   Level
b - Blink                 Tloc           N/A        N/A       4%          2
c - Conjure Flame         Conj/Fire      18%        6-21      9%          3
s - Sticky Flame          Conj/Fire      18%        2d4       30%         4
w - Wereblood             Tmut           4%         N/A       13%         2
z - Foxfire               Conj/Fire      72%        2x1d7     3%          1

Your spell library contained the following spells:

 Spells                   Type           Power      Damage    Failure   Level
 Freeze                   Ice            16%        1d4       9%          1
 Sublimation of Blood     Necr           8%         N/A       5%          2
 Corpse Rot               Necr/Air       N/A        N/A       9%          2
 Inner Flame              Hex/Fire       18%        N/A       9%          3
 Lesser Beckoning         Tloc           9%         N/A       9%          3
 Frozen Ramparts          Ice            8%         1d2       26%         3
 Animate Dead             Necr           8%         N/A       34%         4
 Dispel Undead            Necr           16%        3d10      34%         4
 Manifold Assault         Tloc           19%        N/A       61%         5
 Fireball                 Conj/Fire      9%         3d6       63%         5
 Borgnjor's Vile Clutch   Necr/Erth      5%         N/A       83%         5
 Death Channel            Necr           8%         N/A       99%         6
 Summon Hydra             Summ           2%         N/A       100%        7


Dungeon Overview and Level Annotations

Branches:
Dungeon (5/15)              Sewer (visited)
 Temple: D:4-7

Altars:
Cheibriados
Fedhas
Nemelex Xobeh
Ru
Vehumet
The Shining One

Shops:
D:1 ((   D:2 :   D:5 (

Annotations:
D:3 exclusion: giant cockroach, Terence
D:5 Edmund, Sigmund


Innate Abilities, Weirdness & Mutations

You have a pair of small horns on your head.
A weak demonic guardian rushes to your aid.
You regenerate a little health from kills.
You are mostly covered in razor-sharp scales. (AC +2, Slay +2)


Message History

u - a ring of protection from fire (right hand)
Okay, then.
Okay, then.
Unknown command.
Casting: Foxfire (safe; 3% risk of failure)
Confirm with . or Enter, or press ? or * to list all spells.
You conjure some foxfire!
Sigmund shouts!
You hear a shout!
The flow of time bends around you.
Your foxfire is unaffected. x2
Edmund the Younger comes into view.
He is wielding a +2 flail of holy wrath and wearing a +0 chain mail of cold resistance.
Press: ? - help, v - describe, . - travel
Here: Sigmund, wielding a +0 scythe and wearing a +0 robe (ally target)
The floor.
Unknown command.
The foxfire hits Sigmund.
Sigmund is lightly wounded.
Edmund gestures with his flail.
Sigmund casts a spell at you. The puff of flame hits you. You resist.
Casting: Foxfire (safe; 3% risk of failure)
Confirm with . or Enter, or press ? or * to list all spells.
You conjure some foxfire!
Edmund hits you with a +2 flail of holy wrath.
You convulse.
You hit Edmund but do no damage. Your headbutt misses Edmund.
The foxfire hits Edmund.
Edmund is lightly wounded.
The foxfire hits Edmund but does no damage.
Edmund is lightly wounded.
Sigmund says, "Don't worry, I'll kill you fast."
Edmund hits you with a +2 flail of holy wrath!
A demonic guardian appears!
You convulse!!
* * * LOW HITPOINT WARNING * * *
Unknown command.
As you read the scroll of teleportation, it crumbles to dust.
You feel strangely unstable.
Edmund hits you with a +2 flail of holy wrath!
* * * LOW HITPOINT WARNING * * *
You convulse!
You die...

.# #.#.# ..#.# .#
#.#.# ##.#.#
.######.#.## ##..#.#
..........#..#[..#.#
..#####.#.#..##..#.#
>....##.#.#......#.#
........#.# #..@..##
.#...####.#
#.@5...##
..........#
#..@#§..#
##...####.#
#..§#§### .....# #.#
#...#§# ..#..# ##.#
#...#v# .....# #..#
....#.# .###.###..#
...#[#.#
..........########.#
..##.###...........#
..##.# #.........###


You could see Edmund (ally target), Sigmund and a friendly quasit (summoned).

Vanquished Creatures
  A black bear (D:4)
  A necrophage (D:5)
  The ghost of SkaryMonk the Chopper, an amateur DsAK of Lugonu (D:4)
  2 kobold brigands (Sewer)
  2 scorpions
  A hound (D:5)
  2 orc priests (D:3)
  5 orc wizards
  A hound zombie (D:5)
  A howler monkey zombie (D:5)
  13 adders
  4 river rats (Sewer)
  An adder skeleton (D:4)
  2 worms
  A dart slug (D:4)
  9 orcs
  6 endoplasms
  8 giant cockroaches
  4 hobgoblins
  3 jackals (D:1)
  18 kobolds
  4 quokkas
  8 ball pythons
  4 frilled lizards
  23 rats
125 creatures vanquished.

Vanquished Creatures (others)
  236 foxfires
236 creatures vanquished.

Grand Total: 361 creatures vanquished

Notes
Turn   | Place    | Note
-------+----------+-------------------------------------------
     0 | D:1      | RepoMan the Demonspawn Wanderer began the quest for the
                  | Orb.
     0 | D:1      | RepoMan set off with the following items: a +0 club, a +0
                  | robe, a scroll of teleportation; and the following spells
                  | available to memorise: Foxfire, Freeze, Conjure Flame,
                  | Inner Flame, Frozen Ramparts, Sticky Flame, Fireball
     0 | D:1      | Reached XP level 1. HP: 13/13 MP: 2/2
     2 | D:1      | Learned a level 1 spell: Foxfire
   467 | D:1      | Found Qyur's Weapon Shoppe.
   478 | D:1      | Reached skill level 3 in Fire Magic
   536 | D:1      | Found Ceput's Weapon Boutique.
   613 | D:1      | Gained mutation: You are partially covered in razor-sharp
                  | scales. (AC +1, Slay +1) [demonic ancestry]
   613 | D:1      | Reached XP level 2. HP: 18/19 MP: 0/3
   722 | D:1      | Learned a level 2 spell: Blink
  1184 | D:2      | Found a faded altar of an unknown god.
  1192 | D:2      | Became a worshipper of Cheibriados the Contemplative
  1192 | D:2      | Reached * piety under Cheibriados
  1208 | D:2      | Reached skill level 1 in Long Blades
  1246 | D:2      | Reached XP level 3. HP: 25/25 MP: 3/5
  1255 | D:2      | Found Ubric's Book Shop.
  1684 | D:3      | Gained mutation: You are mostly covered in razor-sharp
                  | scales. (AC +2, Slay +2) [demonic ancestry]
  1684 | D:3      | Reached XP level 4. HP: 31/31 MP: 3/6
  1687 | D:3      | Reached skill level 1 in Fighting
  1687 | D:3      | Reached skill level 1 in Translocations
  1924 | D:3      | Gained mutation: A weak demonic guardian rushes to your
                  | aid. [demonic ancestry]
  1924 | D:3      | Reached XP level 5. HP: 37/37 MP: 6/8
  1949 | D:3      | Reached ** piety under Cheibriados
  1996 | D:3      | Found a glowing drain.
  2001 | Sewer    | Entered a sewer
  2269 | Sewer    | Reached *** piety under Cheibriados
  2270 | Sewer    | Gained mutation: You regenerate a little health from kills.
                  | [demonic ancestry]
  2270 | Sewer    | Reached XP level 6. HP: 44/44 MP: 4/9
  2433 | Sewer    | Learned a level 3 spell: Conjure Flame
  2446 | Sewer    | Reached skill level 4 in Fire Magic
  2897 | D:3      | Reached **** piety under Cheibriados
  3300 | D:3      | Learned a level 2 spell: Wereblood
  3385 | D:3      | Noticed Terence
  3801 | D:4      | Reached XP level 7. HP: 50/50 MP: 6/11
  3943 | D:4      | Noticed SkaryMonk's ghost (amateur DsAK)
  3948 | D:4      | Found a runed translucent gate.
  3950 | D:4      | Found a runed translucent gate.
  4093 | D:4      | Found a runed translucent gate.
  4287 | D:4      | Found a radiant altar of Vehumet.
  4289 | D:4      | Found a blossoming altar of Fedhas.
  4496 | D:4      | Killed SkaryMonk's ghost
  4497 | D:4      | Reached skill level 1 in Invocations
  4534 | D:5      | Entered Level 5 of the Dungeon
  4565 | D:5      | Found Tesiob's Antique Weapon Emporium.
  4717 | D:5      | Found a sacrificial altar of Ru.
  4721 | D:5      | Found a sparkling altar of Nemelex Xobeh.
  4738 | D:5      | Reached ***** piety under Cheibriados
  4739 | D:5      | Reached skill level 5 in Fire Magic
  4895 | D:5      | Learned a level 4 spell: Sticky Flame
  4943 | D:5      | Gained mutation: You have a pair of small horns on your
                  | head. [demonic ancestry]
  4943 | D:5      | Reached XP level 8. HP: 57/57 MP: 9/12
  5079 | D:5      | Noticed Sigmund
  5083 | D:5      | Noticed Edmund
  5087 | D:5      | Slain by Edmund

Illustrated notes

Levels and vault maps discovered:
D:1:      onia_arrival_pentagram, layout_loops_corners, serial_shops,
          nicolae_shop_temple_entry_statues_fountains, shop
D:2:      layout_rooms, ebering_ecumenical_altar_box, serial_shops,
          nicolae_shop_stone, hangedman_decor_points
D:3:      layout_loops_ring, mainiacjoe_overflow_concentric_impassable,
          gup_sewer_entry_spiral, kennysheep_generic_room_11, uniq_terence
D:4:      layout_cave_pools, minitemple, gammafunk_ghost_split
D:5:      layout_basic, mainiacjoe_overflow_large_starburst,
          minmay_temple_entry_tees, serial_shops,
          nicolae_shop_temple_entry_statues_fountains, minmay_misc_feat_five,
          sigmund_edmund_badplayer

Skill      XL: |  1  2  3  4  5  6  7 |
---------------+----------------------+-----
Fire Magic     | 3 4 5 |  5.1
Long Blades    | 1 2 3 4 |  4.3
Fighting       | 1 2 |  2.9
Translocations | 1 2 |  2.7
Spellcasting   | 2 3 |  3.2
Invocations    | 2 |  2.0
Throwing       | |  1.0
Stealth        | |  1.0
Necromancy     | |  2.1
Poison Magic   | |  2.0

Action                   |  1- 3 |  4- 6 |  7- 9 || total
-------------------------+-------+-------+-------++-------
Melee: Long sword        |    19 |    58 |    24 ||   101
       Club              |     1 |       |       ||     1
 Cast: Foxfire           |    35 |    76 |    30 ||   141
       Conjure Flame     |       |       |     1 ||     1
       Wereblood         |       |       |     1 ||     1
Invok: Bend Time         |       |       |     1 ||     1
  Use: Scroll            |     3 |     5 |     1 ||     9
 Stab: Sleeping          |     2 |     1 |       ||     3
Armor: Robe              |     3 |    40 |    15 ||    58
Dodge: Dodged            |     8 |    55 |    16 ||    79
       Rpst.: Long sword |     3 |    15 |     4 ||    22
